Map: Pride of Altaris LE

Players

llllllllllll

  • Race: Terran Terran

bean - Winner!

  • Race: Terran Terran
  • League: Platinum

VOD

Have the link to the VOD?

Description

Time

  • Played on: Dec. 22, 2021, 8:27 p.m.
  • Length: 9:17
Show
View Real Time Build Order
Export as new Build Order

llllllllllll Terran 

Build Orders:  

Get SALT Encoding   

  12  0:00  SCV  
  13  0:15  Supply Depot  
  13  0:16  SCV  
  14  0:28  SCV  
  15  0:40  Barracks  
  15  0:41  SCV  
  16  0:52  Refinery  
  16  0:53  SCV  
  17  1:05  SCV  
  18  1:17  SCV  
  19  1:29  SCV  
  19  1:31  Supply Depot  
  20  1:39  Barracks Reactor  
  20  1:54  Command Center  
  20  2:00  Orbital Command  
  20  2:17  Marine x2  
  22  2:24  Factory  
  22  2:28  SCV  
  23  2:40  SCV, Barracks  
  24  2:49  Marine x2  
  26  2:52  SCV  
  26  2:54  Supply Depot  
  27  3:08  Factory Tech Lab  
  27  3:10  Orbital Command  
  27  3:17  Refinery  
  27  3:22  Starport  
  27  3:23  SCV  
  28  3:35  SCV  
  28  3:41  Supply Depot  
  29  3:47  SCV  
  30  3:50  Orbital Command  
  30  4:00  Barracks Tech Lab, Starport Reactor  
  30  4:06  Engineering Bay  
  30  4:07  Engineering Bay  
  30  4:09  Marine x2  
  32  4:18  Siege Tank  
  35  4:27  Marine x2  
  35  4:31  Command Center  
  37  4:44  SCV x2  
  37  4:45  Marine x2  
  40  4:50  Siege Tank  
  44  4:56  Supply Depot, SCV x2  
  44  4:59  Marine  
  47  5:03  Marine x2  
  47  5:05  Medivac  
  51  5:08  SCV x2  
  53  5:17  Stimpack  
  53  5:18  Marine  
  53  5:20  Marine, SCV x2  
  53  5:21  Medivac, Marine, Supply Depot  
  60  5:36  Marine  
  60  5:38  Marine x2  
  63  5:44  Orbital Command  
  63  5:46  Missile Turret  
  63  5:47  Supply Depot  
  63  5:51  Refinery  
  63  5:53  Marine, SCV x2  
  66  6:00  Marine x2  
  66  6:01  Supply Depot  
  68  6:07  Missile Turret  
  68  6:14  Medivac x2  
  68  6:17  Siege Tank  
  75  6:19  Marine x3  
  75  6:20  Orbital Command  
  75  6:23  SCV x2  
  80  6:28  Missile Turret  
  80  6:35  SCV  
  81  6:51  SCV x3  
  84  6:57  Marine x3  
  84  7:00  Armory  
  84  7:01  Terran Infantry Weapons Level 1  
  87  7:03  SCV  
  88  7:14  Marine  
  88  7:15  Marine  
  47  7:49  Marine x2  
  47  7:50  Marine  
  46  8:07  Marine x3  
  49  8:14  Siege Tank  
  52  8:22  Barracks  
  52  8:23  Barracks  
  52  8:25  Marine x3  
  55  8:27  Barracks  
  55  8:29  Barracks  
  55  8:43  Marine x3  
  55  8:46  Supply Depot  
  55  8:47  Supply Depot  
Show
View Real Time Build Order
Export as new Build Order

bean Terran - Winner!

Build Orders:  

Get SALT Encoding   

  12  0:00  SCV  
  13  0:12  SCV  
  14  0:17  Supply Depot  
  14  0:25  SCV  
  15  0:38  SCV  
  15  0:41  Barracks  
  16  0:50  SCV  
  16  0:52  Refinery  
  17  1:02  SCV  
  18  1:15  SCV  
  19  1:29  Orbital Command  
  19  1:40  Barracks Reactor  
  19  1:44  Command Center  
  19  1:57  SCV  
  20  2:01  Supply Depot  
  20  2:16  Marine x2  
  22  2:28  SCV  
  22  2:29  Barracks x2  
  23  2:36  Refinery  
  22  2:43  SCV  
  23  2:48  Marine x2  
  25  2:55  SCV  
  26  3:05  Marine  
  26  3:06  Marine  
  26  3:07  Orbital Command, SCV  
  29  3:17  Barracks Tech Lab x2  
  29  3:19  SCV  
  30  3:23  Marine  
  31  3:32  Marine, SCV  
  33  3:37  SCV  
  34  3:41  Stimpack  
  34  3:42  Combat Shield  
  34  3:44  Marine, SCV  
  34  3:46  Marine  
  37  3:49  Marine  
  38  3:56  Factory  
  38  3:58  SCV x2  
  40  4:09  Supply Depot  
  40  4:12  Supply Depot  
  40  4:14  Marine x3  
  40  4:15  Marine  
  44  4:17  SCV  
  44  4:19  SCV  
  47  4:31  Marine, SCV  
  47  4:37  SCV  
  49  4:40  Supply Depot  
  49  4:41  Supply Depot  
  49  4:45  Factory Reactor  
  49  4:46  Starport  
  49  4:47  SCV  
  49  4:48  Marine x2  
  49  4:49  SCV  
  49  4:51  Marine  
  54  4:56  Marauder  
  54  4:59  SCV  
  57  5:04  Engineering Bay  
  57  5:13  Marine x2, Supply Depot  
  61  5:14  Marauder  
  61  5:15  Supply Depot  
  61  5:18  SCV x2  
  63  5:23  Concussive Shells  
  63  5:30  SCV  
  63  5:33  Marine x2  
  63  5:34  Factory Tech Lab  
  63  5:35  SCV  
  67  5:37  Medivac  
  67  5:40  Medivac  
  72  5:42  SCV  
  72  5:47  SCV  
  73  5:52  Marine x3, Refinery x2  
  73  5:54  SCV  
  73  5:56  Siege Tank  
  80  5:59  SCV  
  80  6:03  Marine  
  82  6:07  SCV  
  82  6:09  Supply Depot  
  82  6:10  Marine x2  
  82  6:11  Marauder, SCV  
  88  6:13  Supply Depot  
  88  6:14  Terran Infantry Weapons Level 1  
  88  6:19  SCV  
  88  6:21  Marine  
  90  6:27  Medivac x2  
  90  6:30  Marine x2  
  90  6:31  Marine  
  97  6:36  Supply Depot  
  97  6:38  Marine  
  97  6:39  Supply Depot  
  98  6:47  Siege Tank  
  98  6:48  Marine x2  
  98  6:49  Marine  
  104  6:57  Medivac  
  106  7:12  Marine x4  
  105  7:18  Command Center  
  89  7:29  Marine  
  78  7:30  Marine  
  78  7:31  Marauder x2  
  81  7:45  Siege Tank  
  81  7:46  Medivac  
  81  7:47  Marine  
  81  7:48  Marine  
  88  7:51  Marine  
  88  7:52  Marine  
  90  8:00  SCV x2  
  90  8:03  Refinery  
  90  8:05  Marine  
  93  8:06  Marine  
  93  8:17  Siege Tank  
  96  8:21  SCV  
  96  8:22  Marine x2, SCV  
  96  8:23  Marine  
  96  8:24  Marine  
  102  8:32  Refinery  
  102  8:33  SCV  
  102  8:34  SCV, Orbital Command  
  104  8:40  Medivac, Marauder  
  104  8:41  Marine x2, Marauder  
Tags
 
Add a new tag
Caveats
  • Supply blocks, unpowered buildings, or Contaminate may cause inaccurate times.
  • Supply counts are checked every 10 seconds.